 Dungeon Crawl Stone Soup version 0.22-b1-26-g9dbaab1 (webtiles) character file.

280 Loudmushroom the Chopper (level 6, 0/55 HPs)
             Began as a Minotaur Berserker on Aug 7, 2018.
             Was a Priest of Trog.
             Succumbed to an orc wizard's poison
             ... on level 4 of the Dungeon.
             The game lasted 00:18:51 (2883 turns).

Loudmushroom the Chopper (Minotaur Berserker)       Turns: 2883, Time: 00:18:51

Health: 0/55       AC:  9    Str: 21    XL:     6   Next: 5%
Magic:  5/5        EV:  9    Int:  4    God:    Trog [***...]
Gold:   151        SH:  0    Dex: 12    Spells: 5/5 levels left

rFire    . . .     SeeInvis .   a - +0 hand axe
rCold    . . .     Gourm    .   (no shield)
rNeg     . . .     Faith    .   s - +0 chain mail
rPois    .         Spirit   .   (helmet restricted)
rElec    .         Reflect  .   (no cloak)
rCorr    .         Harm     .   (no gloves)
MR       .....                  (no boots)
Stlth    ..........             (no amulet)
HPRegen  0.18/turn              (no ring)
MPRegen  0.09/turn              (no ring)

@: lethally poisoned (0 -> -7)
A: retaliatory headbutt, horns 2
a: Berserk, Trog's Hand, Renounce Religion


You were on level 4 of the Dungeon.
You worshipped Trog.
Trog was most pleased with you.
You were not hungry.

You visited 1 branch of the dungeon, and saw 4 of its levels.

You collected 151 gold pieces.

Inventory:

Hand Weapons
 a - a +0 hand axe (weapon)
 t - a +0 war axe
Missiles
 d - 107 stones
 e - 104 arrows
 p - 9 poisoned needles
 q - 19 bolts
 r - 4 javelins (quivered)
Armour
 s - a +0 chain mail (worn)
Jewellery
 h - an uncursed ring of resist corrosion {unknown}
Wands
 w - a wand of polymorph (14)
Scrolls
 f - a scroll of blinking {unknown}
 g - 4 scrolls of identify {unknown}
 k - a scroll of fog {unknown}
 l - a scroll of amnesia {unknown}
 n - a scroll of immolation {unknown}
 o - 2 scrolls of remove curse {unknown}
 u - a scroll of enchant weapon {unknown}
 y - a scroll of noise {unknown}
Potions
 i - a potion of agility {unknown}
 j - a potion of heal wounds {unknown}
 m - 2 potions of might {unknown}
 v - a potion of curing {unknown}
 x - a potion of ambrosia {unknown}
Comestibles
 c - 9 rations


   Skills:
 + Level 4.8 Fighting
 * Level 5.9 Axes
 + Level 4.0 Armour
 + Level 3.6 Dodging


You had 5 spell levels left.
You didn't know any spells.
Your spell library was empty.

Dungeon Overview and Level Annotations

Branches:
Dungeon (4/15)
 Temple: D:4-7

Altars:
Zin
The Shining One


Innate Abilities, Weirdness & Mutations

You reflexively headbutt those who attack you in melee.
You have a pair of horns on your head.


Message History

a dagger of venom; a robe; an orc corpse You completely miss the orc.
* * * LOW HITPOINT WARNING * * *
You feel sick. The orc completely misses you.
You barely miss the orc.
* * * LOW HITPOINT WARNING * * *
You feel sick. The orc hits you but does no damage.
You hit the orc.
The orc is almost dead.
* * * LOW HITPOINT WARNING * * *
You feel sick. The orc hits you but does no damage.
You barely miss the orc.
The orc is almost dead.
* * * LOW HITPOINT WARNING * * *
You feel sick. The orc misses you.
You slash the orc!
You kill the orc!
Trog accepts your kill.
Your Armour skill increases to level 4!
You die...

#..............#
#..###...###.#.#
#..# #...###.#.#
#..# #.......#.#
#..# #....####.#
##.###.......#.#
###..###...##.#.#
#.............#)#
####..###.#####@#
##...............#
.....#.###.#######
.............#
.....#.###...#
.#+#.#..##.########
.#.#.##.##.........
.#.#.# .##.########
.#.#.# .##.#


There were no monsters in sight!

Vanquished Creatures
  An ogre (D:4)
  An orc wizard (D:4)
  Jessica (D:2)
  Robin (D:3)
  4 adders
  4 worms (D:3)
  3 dart slugs
  A leopard gecko (D:3)
  5 orcs
  A giant cockroach (D:3)
  12 goblins
  13 hobgoblins
  3 jackals (D:4)
  8 kobolds
  8 bats
  4 frilled lizards
  9 rats
79 creatures vanquished.

Notes
Turn   | Place    | Note
-------+----------+-------------------------------------------
     0 | D:1      | Loudmushroom the Minotaur Berserker began the quest for the Orb.
     0 | D:1      | Reached XP level 1. HP: 19/19 MP: 0/0
    64 | D:1      | Reached XP level 2. HP: 15/27 MP: 1/1
   217 | D:1      | Reached skill level 4 in Axes
   873 | D:2      | Reached XP level 3. HP: 33/33 MP: 2/2
   992 | D:2      | Reached ** piety under Trog
  1197 | D:2      | Noticed Jessica
  1201 | D:2      | Killed Jessica
  1201 | D:2      | Reached XP level 4. HP: 40/40 MP: 3/3
  1489 | D:3      | Reached skill level 5 in Axes
  2132 | D:3      | Found a glowing golden altar of the Shining One.
  2248 | D:3      | Noticed Robin
  2257 | D:3      | Reached XP level 5. HP: 32/47 MP: 4/4
  2259 | D:3      | Killed Robin
  2484 | D:4      | Found a glowing silver altar of Zin.
  2613 | D:4      | Noticed an ogre
  2629 | D:4      | Killed an ogre
  2629 | D:4      | Reached *** piety under Trog
  2877 | D:4      | Reached XP level 6. HP: 7/55 MP: 5/5
  2881 | D:4      | HP: 2/55 [poisoned by an orc wizard]
  2883 | D:4      | Succumbed to an orc wizard's poison

Skill      XL: |  1  2  3  4  5  6 |
---------------+-------------------+-----
Axes           | 4 5 |  5.9
Fighting       | 4 |  4.8
Armour         | 3 4 |  4.0
Dodging        | 3 |  3.6

Action                   |  1- 3 |  4- 6 || total
-------------------------+-------+-------++-------
Melee: Hand axe          |    46 |   122 ||   168
       Headbutt          |     6 |    17 ||    23
Invok: Trog's Hand       |     1 |     1 ||     2
       Berserk           |       |     2 ||     2
  Eat: Chunk             |     1 |     8 ||     9
Armor: Animal skin       |     4 |       ||     4
       Ring mail         |    11 |     2 ||    13
       Chain mail        |       |    61 ||    61
Dodge: Dodged            |    34 |    48 ||    82
